AoeStats
← Ramboso

Arena

510086477Analyzed
1v1 RM · 2d ago on Sep 29, 2026· 27m 2s· 2 players
Game mode
Random Map
Map size
Tiny (2 player)
Population
200
Speed
Normal
Resources
Standard
Victory
Conquest
Starting age
Dark Age
Ending age
Imperial Age
RankedLock teamsTeams togetherTeam positionsShared explorationLock speedFull tech treeHidden civsTurbo modeCheats
Victory
Defeat
🇨🇳 Turks · China
968
+16
🇮🇹 Mongols · Italy
965
-16
Ramboso
9:19 Feudal Age
14:27 Castle Age
12:45 Double-Bit Axe
15:04 Horse Collar
16:04 Bow Saw
16:30 Stone Mining
18:56 Heavy Plow
20:30 Fletching
21:53 Bodkin Arrow
23:12 Gold Mining
24:22 Padded Archer Armor
3230289630
12:40 Feudal Age
13:26 Feudal Age
14:22 Gold Mining
14:27 Horse Collar
14:35 Double-Bit Axe
17:25 Castle Age
18:54 Gold Shaft Mining
19:19 Bow Saw
22:23 Imperial Age
20:07 Heavy Plow
20:49 Padded Archer Armor
21:55 Leather Archer Armor
23:13 Loom
Connection lost

Rejoining the realm…

Still unreachable

The connection could not be restored.

Session expired

The server has moved on; the page needs a fresh start.